 Dungeon Crawl Stone Soup version 0.17.0-9-g801d43b (webtiles) character file.

2318 staplegun the Spear-Bearer (level 9, -12/64 HPs)
             Began as a Merfolk Skald on Nov 9, 2015.
             Was a Follower of Vehumet.
             Killed from afar by Dowan (19 damage)
             ... with a shard of ice
             ... on level 7 of the Dungeon.
             The game lasted 00:22:01 (7823 turns).

staplegun the Spear-Bearer (Merfolk Skald)          Turns: 7823, Time: 00:22:02

Health: -12/64     AC: 10    Str: 15    XL:     9   Next: 41%
Magic:  5/14       EV: 11    Int: 12    God:    Vehumet [*.....]
Gold:   313        SH:  0    Dex: 13    Spells: 3 memorised, 10 levels left

rFire  + . .     SeeInvis .     i - +2 whip (elec)
rCold  . . .     Rnd*Rage +     n - +4 ring mail
rNeg   . . .     SustAt   .     (no shield)
rPois  .         Gourm    +     (no helmet)
rElec  .         Spirit   .     (no cloak)
rCorr  .         Warding  .     (no gloves)
rMut   .         Stasis   .     (no boots)
MR     .....                    h - amulet of the gourmand
Stlth  +.........               (no ring)
                                p - ring of protection from fire

@: lethally poisoned (-12 -> -14), infused, glowing, not resistant to hostile
enchantments, very unstealthy
A: change form in water, swift swim, berserk 1, frail 1, MP-powered wands
a: Renounce Religion


You were on level 7 of the Dungeon.
You worshipped Vehumet.
Vehumet was aware of your devotion.
You were full.

You visited 2 branches of the dungeon, and saw 8 of its levels.

You collected 313 gold pieces.

Inventory:

Hand Weapons
 a - a +0 spear
 i - a +2 whip of electrocution (weapon)
 v - a +1 mace of holy wrath
Armour
 n - a +4 ring mail (worn)
Jewellery
 h - an amulet of the gourmand (around neck)
 p - a ring of protection from fire (left hand)
Scrolls
 b - a scroll of immolation
 f - 2 scrolls of identify
 j - 8 scrolls of remove curse {unknown}
 k - 3 scrolls of amnesia
 l - 4 scrolls of teleportation
 m - 2 scrolls of enchant weapon {unknown}
 o - a scroll of magic mapping {unknown}
 q - a scroll of random uselessness {unknown}
 s - a scroll of recharging {unknown}
 t - a scroll of fog {unknown}
Potions
 e - a potion of brilliance
Books
 c - a book of Battle

   Spells                             Type                      Level
   a - Infusion                       Charms                       1
   b - Shroud of Golubria             Charms/Translocation         2
   c - Song of Slaying                Charms                       2
   d - Spectral Weapon                Hexes/Charms                 3
   e - Regeneration                   Charms/Necromancy            3
Comestibles
 d - 6 bread rations
 g - 3 meat rations
 r - a slice of pizza


   Skills:
 + Level 7.4 Fighting
 - Level 8.0 Polearms
 + Level 4.7 Armour
 - Level 2.5 Dodging
 + Level 3.9 Spellcasting
 + Level 5.4 Charms
 + Level 2.0 Translocations


You had 10 spell levels left.
You knew the following spells:

 Your Spells              Type           Power        Failure   Level  Hunger
a - Infusion              Chrm           ###...       6%          1    #......
b - Shroud of Golubria    Chrm/Tloc      ##........   14%         2    ##.....
q - Song of Slaying       Chrm           ###.....     10%         2    ##.....


Dungeon Overview and Level Annotations

Branches:
Dungeon (7/15)             Temple (1/1) D:5

Altars:
Ashenzari
Cheibriados
Dithmenos
Elyvilon
Fedhas
Gozag
Kikubaaqudgha
Makhleb
Nemelex Xobeh
Okawaru
Qazlal
Ru
Sif Muna
Trog
Vehumet
Xom
Yredelemnul
Zin
The Shining One

Shops:
D:6 :

Annotations:
D:3 2 exclusions, gw's ghost, amateur MiBe
D:7 Dowan


Innate Abilities, Weirdness & Mutations

You revert to your normal form in water.
You are very nimble and swift while swimming.
You tend to lose your temper in combat.
You are frail (-10% HP).
You expend magic power (3 MP) to strengthen your wands.


Message History

Dowan hits you with a dagger of electrocution.
* * * LOW HITPOINT WARNING * * *
Dowan hits you but does no damage.
You are electrocuted!
* * * LOW HITPOINT WARNING * * *
Unknown command.
You are too injured to fight recklessly!
Drink which item? (? for menu, Esc to quit)
Okay, then.
Read which item? (? for menu, Esc to quit)
Okay, then.
You barely miss Dowan.
Dowan is heavily wounded.
Dowan closely misses you.
Your magical contamination has completely faded away.
You closely miss Dowan.
Dowan is heavily wounded.
Dowan barely misses you.
Dowan points at you and mumbles some strange words.
The shard of ice hits you!
You die...

.##.##.########.####.....#
.##.............####......
.........................
.....................###
..##.....##....###.....#
..##.....#.......'.....#
..##.....#.....###.....#
..##.....#.....###.....##
..##...(.#.###.e@........
..##.....#+ #..####......
.. ....#.. #.†####......
###.#... #.....#......
..##.###.#.##..
.....###.#.# .........#.#
#.........#.#
.........e#.#


You could see Dowan.

Vanquished Creatures
  A centaur zombie (D:7)
  A hungry ghost (D:6)
  Menkaure (D:6)
  Duvessa (D:7)
  3 ogres
  An orc warrior (D:6)
  A phantom (D:5)
  A necrophage (D:6)
  2 ice beasts
  2 centaurs
  2 giant frogs (D:6)
  A scorpion (D:5)
  A giant frog zombie (D:6)
  2 crimson imps
  A jelly (D:6)
  8 worker ants
  Jessica (D:3)
  A centaur skeleton (D:6)
  A quasit (D:6)
  An orc wizard (D:5)
  A worker ant zombie (D:5)
  7 adders
  2 shadow imps (D:5)
  2 oozes
  7 worms
  3 giant geckos
  7 orcs
  5 giant cockroaches
  4 goblins
  6 hobgoblins
  5 kobolds
  3 quokkas
  6 bats
  6 giant newts
  4 jackals (D:5)
  A quokka zombie (D:5)
  8 rats
110 creatures vanquished.

Notes
Turn   | Place    | Note
--------------------------------------------------------------
     0 | D:1      | staplegun the Merfolk Skald began the quest for the Orb.
     0 | D:1      | Reached XP level 1. HP: 16/16 MP: 3/3
   284 | D:1      | Reached XP level 2. HP: 23/23 MP: 5/5
   919 | D:2      | Reached XP level 3. HP: 24/28 MP: 1/6
   956 | D:2      | Reached skill level 1 in Armour
  1334 | D:2      | Reached skill level 4 in Polearms
  1404 | D:2      | Reached XP level 4. HP: 27/35 MP: 3/7
  1853 | D:3      | Noticed Jessica
  1870 | D:3      | Killed Jessica
  2001 | D:3      | Found a glowing golden altar of the Shining One.
  2126 | D:3      | Noticed gw's ghost (amateur MiBe)
  2254 | D:3      | Reached XP level 5. HP: 41/41 MP: 1/8
  2670 | D:4      | Noticed an ogre
  2836 | D:4      | Reached skill level 5 in Polearms
  3400 | D:3      | Gained mutation: You are frail (-10% HP). [potion of mutation]
  3400 | D:3      | Gained mutation: You expend magic power (3 MP) to strengthen your wands. [potion of mutation]
  3400 | D:3      | Gained mutation: You tend to lose your temper in combat. [potion of mutation]
  3421 | D:4      | Killed an ogre
  3421 | D:4      | Reached XP level 6. HP: 37/44 MP: 4/9
  3785 | D:5      | Entered Level 5 of the Dungeon
  3897 | D:5      | Reached skill level 6 in Polearms
  4162 | D:5      | Reached XP level 7. HP: 21/49 MP: 0/10
  4618 | D:5      | Found a staircase to the Ecumenical Temple.
  4629 | D:5      | Reached skill level 5 in Fighting
  4639 | Temple   | Entered the Ecumenical Temple
  4687 | Temple   | Became a worshipper of Vehumet
  4698 | Temple   | Learned a level 2 spell: Song of Slaying
  5485 | D:4      | Reached skill level 7 in Polearms
  6311 | D:5      | Found a sparkling altar of Nemelex Xobeh.
  6371 | D:5      | Reached XP level 8. HP: 50/57 MP: 7/11
  6552 | D:6      | Reached skill level 8 in Polearms
  6720 | D:6      | Noticed Menkaure
  7072 | D:6      | Noticed a hungry ghost
  7085 | D:6      | Killed a hungry ghost
  7113 | D:6      | Learned a level 2 spell: Shroud of Golubria
  7114 | D:6      | Found Wettexaupp's Book Shoppe.
  7395 | D:6      | Reached XP level 9. HP: 60/63 MP: 12/14
  7420 | D:6      | Killed Menkaure
  7420 | D:6      | Reached * piety under Vehumet
  7420 | D:6      | Offered knowledge of Flame Tongue by Vehumet.
  7420 | D:6      | Reached skill level 1 in Translocations
  7469 | D:6      | Reached skill level 5 in Charms
  7665 | D:7      | Noticed a centaur zombie
  7679 | D:7      | Killed a centaur zombie
  7781 | D:7      | Noticed Duvessa
  7781 | D:7      | Noticed Dowan
  7819 | D:7      | Killed Duvessa
  7823 | D:7      | Killed from afar by Dowan

Action                   |  1- 3 |  4- 6 |  7- 9 || total
-------------------------+-------+-------+-------++-------
Melee: Spear             |   111 |   267 |    98 ||   476
       Whip              |       |       |   174 ||   174
       Mace              |       |       |     5 ||     5
 Cast: Infusion          |     5 |    17 |    21 ||    43
       Song of Slaying   |       |       |     3 ||     3
       Shroud of Golubri |       |       |     3 ||     3
  Use: Potion            |       |     6 |     3 ||     9
       Scroll            |       |       |     4 ||     4
  Eat: Chunk             |     2 |     4 |    11 ||    17
       Pizza             |       |     1 |     1 ||     2
       Bread ration      |       |     1 |       ||     1
       Meat ration       |       |       |     2 ||     2
